Map: 亚历山大港 - 天梯版

Players

Demi - Winner!

  • Race: Zerg Zerg
  • League: Diamond

Crimson

  • Race: Zerg Zerg
  • League: Master

Event: WESG 2018 Grand Finals

VOD

Have the link to the VOD?

Description

Time

  • Played on: March 11, 2019, 12:59 a.m.
  • Length: 10:58

All games in this series

Show
View Real Time Build Order
Export as new Build Order

Demi Zerg - Winner!

Build Orders: Pool First 

Get SALT Encoding   

  12  0:01  Drone  
  13  0:12  Overlord  
  13  0:20  Drone  
  14  0:32  Drone x2  
  16  0:41  Spawning Pool  
  15  0:46  Drone  
  15  0:49  Drone  
  17  1:11  Hatchery  
  16  1:19  Drone  
  17  1:28  Zergling x4  
  17  1:30  Zergling x2  
  20  1:37  Queen  
  22  1:42  Overlord, Extractor  
  21  2:01  Drone  
  21  2:06  Drone  
  23  2:13  Queen, Drone  
  26  2:22  Queen  
  26  2:23  Drone  
  26  2:24  Drone  
  30  2:37  Drone x2  
  32  2:47  Drone x2  
  32  2:50  Drone x2  
  35  2:55  Drone  
  35  2:58  Overlord  
  35  3:07  Evolution Chamber  
  35  3:11  Drone  
  35  3:15  Roach Warren  
  35  3:18  Drone x3  
  37  3:20  Lair  
  38  3:27  Drone x3  
  38  3:33  Zerg Missile Weapons Level 1  
  40  3:36  Drone x2  
  40  3:39  Extractor  
  40  3:41  Drone  
  42  3:42  Drone, Extractor  
  42  3:48  Drone x2  
  44  3:54  Overlord  
  44  4:04  Overlord  
  43  4:13  Drone x2  
  43  4:14  Drone x2  
  47  4:17  Overlord, Glial Reconstitution  
  47  4:20  Roach x2  
  51  4:24  Roach x2  
  55  4:41  Roach x2  
  55  4:42  Roach  
  61  4:55  Drone  
  61  5:03  Drone  
  61  5:04  Drone  
  61  5:08  Drone x3  
  61  5:09  Spire, Drone, Extractor  
  61  5:13  Drone  
  63  5:20  Overlord x2  
  63  5:24  Drone x2, Hatchery  
  63  5:27  Overseer  
  64  5:30  Roach x2  
  64  5:33  Overlord x2  
  68  5:39  Roach x2  
  72  5:43  Overlord  
  72  5:47  Zerg Missile Weapons Level 2  
  74  5:57  Roach x3  
  74  6:01  Drone  
  79  6:04  Overlord  
  79  6:20  Overlord  
  79  6:22  Mutalisk x2  
  79  6:23  Mutalisk x3  
  89  6:28  Roach  
  91  6:34  Drone x2  
  91  6:36  Roach  
  91  6:37  Roach x2  
  99  6:43  Roach x2  
  99  6:46  Roach x3  
  109  6:51  Roach x2  
  113  7:11  Roach  
  113  7:12  Roach x7  
  113  7:23  Roach x4  
  104  7:32  Roach x2  
  99  7:38  Roach x2  
  84  7:55  Drone x2  
  84  7:56  Drone x4  
  88  8:05  Drone x3  
  91  8:13  Queen  
  91  8:14  Drone  
  91  8:19  Pneumatized Carapace  
  94  8:23  Drone x4  
  98  8:29  Drone x3  
  101  8:37  Roach x4  
  109  8:44  Ravager x2  
  109  8:45  Ravager  
  109  8:48  Roach x4  
  120  8:58  Roach x5  
  130  9:08  Roach  
  130  9:09  Roach x2  
  130  9:14  Overlord x3  
  114  9:36  Roach x5  
  124  9:44  Ravager x2  
  124  9:45  Hatchery  
  125  9:51  Drone x4  
  123  10:07  Roach  
  123  10:08  Roach x7  
  133  10:19  Roach x4  
Show
View Real Time Build Order
Export as new Build Order

Crimson Zerg 

Build Orders: Hatch First 

Get SALT Encoding   

  12  0:00  Drone  
  13  0:12  Overlord  
  13  0:18  Drone  
  14  0:30  Drone x2  
  16  0:49  Hatchery  
  15  0:52  Drone  
  15  0:55  Drone  
  17  1:00  Drone  
  18  1:10  Extractor  
  17  1:15  Spawning Pool  
  17  1:18  Drone  
  17  1:21  Drone  
  18  1:28  Drone  
  19  1:38  Drone  
  20  1:49  Drone  
  21  1:59  Overlord  
  21  2:01  Drone  
  21  2:05  Queen  
  21  2:06  Queen  
  26  2:10  Metabolic Boost  
  26  2:15  Drone  
  27  2:16  Drone  
  28  2:23  Zergling x4  
  30  2:34  Zergling x4  
  31  2:51  Baneling Nest  
  31  2:52  Drone x2  
  31  2:59  Zergling x4  
  33  3:11  Overlord  
  33  3:14  Hatchery  
  33  3:17  Drone  
  33  3:21  Drone  
  33  3:24  Overlord  
  33  3:26  Drone  
  35  3:34  Drone x3  
  35  3:36  Roach Warren  
  35  3:39  Evolution Chamber  
  35  3:41  Drone  
  37  3:44  Drone  
  37  3:47  Drone  
  39  3:53  Lair  
  39  3:55  Drone  
  40  3:59  Drone  
  41  4:03  Drone x2  
  41  4:06  Zerg Missile Weapons Level 1  
  43  4:11  Overlord, Extractor  
  43  4:12  Extractor  
  43  4:13  Drone  
  42  4:22  Drone x3  
  42  4:23  Drone x2  
  47  4:25  Drone  
  47  4:28  Drone  
  47  4:31  Queen  
  51  4:41  Roach x3  
  57  4:47  Drone x3  
  57  4:49  Drone x2  
  57  4:52  Roach  
  63  4:55  Roach  
  64  5:01  Overlord x2  
  64  5:03  Glial Reconstitution  
  64  5:06  Overlord  
  63  5:09  Roach  
  65  5:15  Overlord  
  65  5:16  Overlord  
  65  5:21  Roach x3  
  65  5:26  Roach x2  
  65  5:28  Overlord  
  75  5:32  Overseer  
  75  5:33  Roach  
  75  5:34  Roach  
  79  5:36  Drone  
  79  5:39  Drone  
  79  5:40  Drone  
  79  5:42  Roach x2  
  86  5:48  Roach x3  
  92  5:53  Roach x2  
  92  5:55  Roach  
  98  5:57  Overlord  
  98  6:02  Roach x2  
  102  6:05  Roach  
  102  6:11  Overlord  
  104  6:14  Roach x3  
  104  6:18  Roach x2  
  114  6:23  Overseer  
  114  6:25  Overlord  
  114  6:36  Roach x5  
  114  6:38  Overlord  
  124  6:47  Roach  
  124  6:48  Roach x3  
  124  6:51  Queen  
  124  6:52  Queen x2  
  138  6:58  Overlord x2  
  124  7:27  Queen x2  
  124  7:28  Roach x11  
  138  7:35  Extractor  
  121  7:38  Roach x4  
  113  7:45  Roach x4  
  113  7:56  Spore Crawler  
  102  7:59  Nydus Network  
  102  8:01  Roach  
  102  8:05  Spore Crawler  
  102  8:08  Spore Crawler  
  102  8:09  Drone x3  
  104  8:14  Roach, Spore Crawler  
  104  8:15  Roach x2  
  109  8:20  Roach x2  
  109  8:23  Roach x2  
  117  8:31  Roach x2  
  121  8:39  Nydus Canal  
  121  8:41  Roach x2  
  121  8:49  Roach x3  
  121  8:53  Roach  
  129  8:59  Roach x2  
  113  9:11  Roach  
  113  9:12  Roach x2  
  113  9:16  Roach x2  
  101  9:22  Roach x2  
  83  9:26  Queen x2  
  83  9:27  Queen  
  83  9:28  Drone x3  
  83  9:29  Drone x4  
  89  9:47  Roach  
  89  9:49  Roach  
  89  9:50  Roach  
  93  10:02  Queen  
  93  10:06  Roach x4  
  93  10:07  Roach x4  
  101  10:12  Roach  
  84  10:19  Roach x3  
  66  10:30  Roach x2  
  66  10:33  Roach  
  70  10:39  Roach x2  
Tags
 
Add a new tag
Caveats
  • Supply blocks, unpowered buildings, or Contaminate may cause inaccurate times.
  • Supply counts are checked every 10 seconds.